[Event "Team 45 45 League T33"]
[Site "Internet Chess Club"]
[Date "2007.05.27"]
[Round "6"]
[White "Gran-Alfil"]
[Black "Beancounter"]
[Result "1/2-1/2"]
[WhiteElo "1616"]
[BlackElo "1707"]
[ECO "A16"]
[TimeControl "2700+45"]

1. c4 Nf6 2. Nc3 g6 3. Nf3 Bg7 4. d3 O-O 5. Bg5 h6 6. Bd2 d6 7. g3 e5 8. Bg2 Nc6
9. O-O Be6 10. Rb1 a5 11. a3 Qd7 12. b4 axb4 13. axb4 Bh3 14. b5 Ne7 15. Nh4
Bxg2 16. Kxg2 g5 17. Nf3 Nh5 18. h4 gxh4 19. Nxh4 Qg4 20. Rh1 Nf4+ 21. Bxf4 exf4
22. Rh3 Bxc3 23. d4 Bxd4 24. Qxd4 f3+ 25. Nxf3 Qxd4 26. Nxd4 Kg7 27. Rbh1 Rh8
28. Rh5 Ra4 29. R1h4 Kg6 30. c5 dxc5 31. Rxc5 Rc8 32. Rch5 Rxd4 33. Rxh6+ Kg7
34. Rh7+ Kg8 35. Rh8+ Kg7 36. Rxc8 Rxh4 37. Rxc7 Re4 38. Rxb7 Rxe2 39. Kf3 Re6
40. Kf4 Kf6 41. g4 Re2 42. f3 Nd5+ 43. Kg3 Rb2 44. Kh4 Rh2+ 45. Kg3 Rb2 46. Kh4
Rh2+ 47. Kg3 Rb2 {Game drawn by repetition} 1/2-1/2

[Event "Team 45 45 League T33"]
[Site "Internet Chess Club"]
[Date "2007.05.28"]
[Round "6"]
[White "DaveTheRook"]
[Black "Smart"]
[Result "1-0"]
[WhiteElo "1674"]
[BlackElo "1518"]
[ECO "A42"]
[TimeControl "2700+45"]

1. d4 d6 2. c4 e5 3. dxe5 dxe5 4. Qxd8+ Kxd8 5. e4 Be6 6. Nf3 f6 7. Nc3 c6 8.
Be2 Nd7 9. O-O Nh6 10. Rd1 Kc7 11. a3 a5 12. h3 Be7 13. Be3 Nf7 14. Rab1 g5 15.
Nh2 h5 16. b4 axb4 17. axb4 b6 18. b5 Bc5 19. Bxc5 Nxc5 20. bxc6 Kxc6 21. Nd5
Bxd5 22. exd5+ Kc7 23. Ra1 h4 24. Ng4 f5 25. Ne3 Nd6 26. Bf3 e4 27. Be2 Kb7 28.
Nc2 Ra7 29. Rxa7+ Kxa7 30. Ra1+ Kb7 31. Nd4 Re8 32. Ra3 f4 33. Nc6 f3 34. Ra7+
Kc8 35. gxf3 exf3 36. Bxf3 Nxc4 37. Bg4+ {Black resigns} 1-0

[Event "Team 45 45 League T33"]
[Site "Internet Chess Club"]
[Date "2007.05.26"]
[Round "6"]
[White "curtintime"]
[Black "Just-Jim"]
[Result "1/2-1/2"]
[WhiteElo "1387"]
[BlackElo "1399"]
[ECO "C60"]
[TimeControl "2700+45"]

1. e4 e5 2. Nf3 Nc6 3. Bb5 Nge7 4. Nc3 a6 5. Ba4 b5 6. Bb3 h6 7. d3 Ng6 8. Be3
Bb4 9. Qd2 Bxc3 10. Qxc3 O-O 11. Bd5 Bb7 12. Bxc6 Bxc6 13. Nxe5 Nxe5 14. Qxe5
Re8 15. Qc5 Bb7 16. O-O d6 17. Qf5 Re5 18. Qg4 Qf6 19. Bd4 Rg5 20. Bxf6 Rxg4 21.
f3 Rg6 22. Bc3 Bc8 23. d4 Bh3 24. Rf2 Bd7 25. d5 Re8 26. Rd1 f5 27. exf5 Bxf5
28. Ba5 Re7 29. Re1 Rf7 30. Re8+ Kh7 31. Ra8 Bh3 32. Rxa6 Rf4 33. Kf1 Bf5 34.
Bxc7 Rc4 35. Bxd6 Bxc2 36. Rc6 Rxc6 37. dxc6 Bb1 38. c7 Bf5 39. g4 Rxd6 40. gxf5
Rc6 41. Rd2 Rxc7 42. Rd5 Rc1+ 43. Kg2 Rc2+ 44. Kg3 Rxb2 45. a3 Kg8 46. h4 Kf8
47. Kg4 Kf7 48. Kh5 Kf6 49. Rd7 Rb3 50. Rd5 Rxa3 51. Rxb5 Rxf3 52. Kg4 Re3 53.
Rb6+ Kf7 54. Rb7+ Kg8 55. Kh5 Kh7 56. f6 Re5+ 57. Kg4 h5+ 58. Kf4 Re6 59. Rxg7+
Kh8 60. Kf5 Re1 61. Re7 Rf1+ 62. Kg6 Rg1+ 63. Kxh5 Kg8 64. Kh6 Kf8 65. h5 Rg8
66. Rg7 Rh8+ 67. Kg6 Rg8 68. Rxg8+ Kxg8 69. h6 Kh8 70. f7 {Black stalemated}
1/2-1/2

[Event "Team 45 45 League T33"]
[Site "Internet Chess Club"]
[Date "2007.05.28"]
[Round "6"]
[White "Changuito-77"]
[Black "viking99"]
[Result "0-1"]
[WhiteElo "1781"]
[BlackElo "1871"]
[ECO "A48"]
[TimeControl "2700+45"]

1. Nf3 Nf6 2. d4 g6 3. e3 d5 4. Bd3 Bg7 5. O-O O-O 6. b3 Nc6 7. Bb2 Bg4 8. h3
Bxf3 9. Qxf3 Nb4 10. Nd2 Nxd3 11. cxd3 Rc8 12. Qe2 c5 13. dxc5 Rxc5 14. Bd4 Rc2
15. Rfc1 Qc7 16. Qd1 Rc8 17. Rxc2 Qxc2 18. Nf3 Nd7 19. Bxg7 Kxg7 20. Ne1 Qc3 21.
d4 Nf6 22. Nd3 Ne4 23. Rc1 Qxd3 24. Qxd3 Rxc1+ 25. Kh2 Rh1+ {White resigns} 0-1

[Event "Team 45 45 League T33"]
[Site "Internet Chess Club"]
[Date "2007.05.29"]
[Round "6"]
[White "rubashov"]
[Black "ChicoKid"]
[Result "0-1"]
[WhiteElo "1616"]
[BlackElo "1863"]
[ECO "C22"]
[TimeControl "2700+45"]

1. e4 e5 2. d4 exd4 3. Qxd4 Nc6 4. Qc4 Nf6 5. Nc3 d6 6. Bf4 Be7 7. O-O-O O-O 8.
Be2 Be6 9. Nd5 a5 10. c3 a4 11. h4 a3 12. b3 Nd7 13. Nf3 Bf6 14. h5 Re8 15. h6
g6 16. Be3 Bxd5 17. exd5 Ne7 18. Kc2 Nf5 19. Bd2 Nb6 20. Qd3 Nxd5 21. Rhe1 Nfe7
22. g4 Qd7 23. g5 Qc6 24. c4 Bh8 25. Kb1 Nb6 26. Rc1 Nf5 27. Bc3 Bxc3 28. Qxc3
Nd7 29. Nd4 Qe4+ 30. Nc2 Qf4 31. Ne3 Qxg5 32. Nd5 Rac8 33. Rg1 Qxc1+ 34. Qxc1
Rxe2 35. Qxa3 c6 36. Nc3 Re6 37. b4 Nxh6 38. Qa4 Nb6 39. Qb3 Nf5 40. Rd1 h5 41.
c5 Nd7 42. cxd6 Nxd6 43. Qc2 Ne5 44. a4 Nec4 45. Ka2 b5 46. a5 c5 47. Nxb5 cxb4
48. Nxd6 Nxd6 49. Qd2 Ne4 50. Qd4 Nc3+ 51. Kb3 Nxd1 52. Qxd1 Rb8 53. Qd4 Ra6 54.
Qe5 Rba8 55. Kxb4 Rxa5 56. Qf6 Ra4+ 57. Kc3 h4 58. Qg5 h3 59. Qe5 Ra3+ 60. Kd2
Ra2+ 61. Ke3 R8a3+ 62. Kd4 Rxf2 {White resigns} 0-1

[Event "Team 45 45 League T33"]
[Site "Internet Chess Club"]
[Date "2007.05.31"]
[Round "6"]
[White "GadsHill"]
[Black "OOB1"]
[Result "1-0"]
[WhiteElo "1623"]
[BlackElo "1575"]
[ECO "D11"]
[TimeControl "2700+45"]

1. d4 d5 2. c4 c6 3. Nf3 Nf6 4. Qc2 Nbd7 5. g3 Ne4 6. Bf4 Qa5+ 7. Nbd2 Ndf6 8.
Bg2 Nxd2 9. Bxd2 Qd8 10. O-O Ne4 11. Bf4 Bf5 12. Qb3 Bg4 13. Rfd1 Qd7 14. Ne5
Qc8 15. f3 Nxg3 16. Bxg3 Bd7 17. cxd5 cxd5 18. Rac1 Qd8 19. Qxd5 Be6 20. Qb5+
Bd7 21. Nxd7 Qxd7 22. Qxd7+ Kxd7 23. Rc7+ Ke6 24. Bh3+ Kf6 25. Rdc1 b6 26. e4 e6
27. Rb7 Kg6 28. Rcc7 f5 29. exf5+ exf5 30. Be5 Rg8 31. Bf1 {Black resigns} 1-0

[Event "Team 45 45 League T33"]
[Site "Internet Chess Club"]
[Date "2007.05.26"]
[Round "6"]
[White "Mfalme"]
[Black "Russellovich"]
[Result "1/2-1/2"]
[WhiteElo "1253"]
[BlackElo "1526"]
[ECO "C22"]
[TimeControl "2700+45"]

1. e4 e5 2. d4 exd4 3. Qxd4 Nc6 4. Qe3 Nf6 5. Nc3 Ng4 6. Qe2 d6 7. Nd5 g6 8. Nf3
Bg7 9. h3 Nge5 10. c3 Nxf3+ 11. Qxf3 Ne5 12. Qe2 c6 13. Nf4 O-O 14. Nd3 d5 15.
Nxe5 Bxe5 16. exd5 Re8 17. Be3 Qxd5 18. Qd3 Qe6 19. Be2 b6 20. O-O Bb7 21. Bf3
Red8 22. Qe4 Rd7 23. Rfe1 c5 24. Qg4 f5 25. Qh4 Bxf3 26. gxf3 Qc6 27. Kg2 Rad8
28. Bg5 Rf8 29. Rxe5 c4 30. Rae1 Rd3 31. R1e3 Rxe3 32. fxe3 Qd6 33. f4 Qd2+ 34.
Qf2 Qd3 35. Kf3 Rf7 36. Bh6 Qd1+ 37. Qe2 Qh1+ 38. Qg2 Qd1+ 39. Kg3 Rd7 40. Kh4
Qh5+ 41. Kg3 Qxh6 42. Qa8+ Kg7 43. Qe8 Rf7 44. Re7 Rxe7 45. Qxe7+ Kg8 46. Qxa7
g5 47. Qb8+ Kf7 48. Qc7+ Ke8 49. Qc8+ Ke7 50. Qxf5 Qh4+ 51. Kg2 gxf4 52. Qxf4
Qe1 53. Qc7+ Ke8 54. Qxb6 Qe2+ 55. Kg3 Qe1+ 56. Kg4 Qg1+ 57. Kf4 Qf2+ 58. Ke4
Qg2+ 59. Kd4 Qg4+ 60. Kc5 Qxh3 61. Kxc4 Qc8+ 62. Kb3 Qd7 63. Kc2 h5 64. a4 Qxa4+
65. Kd2 h4 66. Qg6+ Kd8 67. Qg5+ Kc8 68. Ke2 Qc2+ 69. Kf3 Qd1+ 70. Kg2 Qe2+ 71.
Kh3 Qf2 72. Qxh4 Qxe3+ 73. Qg3 Qh6+ 74. Kg2 Qc6+ 75. Qf3 Qg6+ 76. Kf2 Qb6+ 77.
Qe3 Qxb2+ 78. Kf3 Qb7+ 79. Ke2 Qb5+ 80. Qd3 Qb2+ 81. Qd2 Qb5+ 82. Qd3 Qe5+ 83.
Kd2 Kc7 84. Kc2 Kb6 85. Qd4+ Qxd4 86. cxd4 Kc6 87. Kd3 Kd5 88. Ke3 Kd6 89. Ke4
Ke6 90. d5+ Kd6 91. Kd4 Kd7 92. Kc5 Kc7 93. Kd4 Kd6 94. Ke4 Kd7 95. Kd4 Kd6 96.
Kc4 Kd7 97. Kc5 Kc7 98. d6+ Kd7 99. Kd5 Kd8 100. Kc6 Kc8 101. Kd5 Kd7 102. Ke5
Kd8 103. Kd5 Kd7 104. Kc5 Kd8 105. Kc6 Kc8 106. Kd5 Kd7 107. Ke5 Kd8 108. Ke6
Ke8 109. d7+ Kd8 110. Kd6 {Black stalemated} 1/2-1/2

[Event "Team 45 45 League T33"]
[Site "Internet Chess Club"]
[Date "2007.05.25"]
[Round "6"]
[White "guyd52"]
[Black "Tom45"]
[Result "1/2-1/2"]
[WhiteElo "1252"]
[BlackElo "1193"]
[ECO "A05"]
[TimeControl "2700+45"]

1. Nf3 Nf6 2. g3 g6 3. Bg2 Bg7 4. O-O O-O 5. d3 d6 6. c4 c5 7. Nbd2 Nc6 8. e4 e5
9. b3 b6 10. Bb2 Bg4 11. h3 Bxf3 12. Nxf3 h6 13. Bc3 Qd7 14. a3 a6 15. b4 cxb4
16. axb4 b5 17. cxb5 axb5 18. Qe2 Rxa1 19. Rxa1 Qb7 20. d4 exd4 21. Nxd4 Nxd4
22. Bxd4 Qd7 23. Ra5 Re8 24. f3 Nh5 25. Bf2 Nf6 26. Rxb5 d5 27. Qd3 dxe4 28.
Qxd7 Nxd7 29. fxe4 Ne5 30. Rd5 f6 31. b5 Rc8 32. Bf1 Bf8 33. b6 {Game drawn by
mutual agreement} 1/2-1/2

[Event "Team 45 45 League T33"]
[Site "Internet Chess Club"]
[Date "2007.05.24"]
[Round "6"]
[White "otib2006"]
[Black "Conjurer"]
[Result "0-1"]
[WhiteElo "1173"]
[BlackElo "1364"]
[ECO "B30"]
[TimeControl "2700+45"]

1. e4 c5 2. Nf3 Nc6 3. Bc4 d6 4. h3 Nf6 5. Nc3 g6 6. O-O Bg7 7. Re1 O-O 8. d4
cxd4 9. Nxd4 e6 10. Bg5 Qb6 11. Nxc6 bxc6 12. b3 Nd7 13. Qd2 d5 14. Bd3 Qa5 15.
Na4 Qxd2 16. Bxd2 Bxa1 17. Rxa1 e5 18. c4 d4 19. f4 f6 20. f5 g5 21. h4 h6 22.
hxg5 hxg5 23. Kf2 Ba6 24. Rh1 Kg7 25. Bb4 Rh8 26. Rg1 Rab8 27. Nc5 Nxc5 28. Bxc5
Rb7 29. b4 Rd7 30. a4 Bc8 31. b5 cxb5 32. cxb5 Rb7 33. a5 Bd7 34. b6 axb6 35.
Bxb6 Bc6 36. Rb1 Rh4 37. Rc1 Rf4+ 38. Kg1 Bxe4 39. Rc7+ Rxc7 40. Bxe4 Rc1+ 41.
Kh2 Rxe4 42. a6 Ra1 43. a7 d3 {White forfeits on time} 0-1

[Event "Team 45 45 League T33"]
[Site "Internet Chess Club"]
[Date "2007.05.25"]
[Round "6"]
[White "WilmaP"]
[Black "cobbler"]
[Result "0-1"]
[WhiteElo "1146"]
[BlackElo "1177"]
[ECO "C02"]
[TimeControl "2700+45"]

1. e4 e6 2. d4 d5 3. e5 c5 4. c3 Nc6 5. Nf3 Qb6 6. Be2 cxd4 7. cxd4 Nh6 8. Na3
Bd7 9. Nc2 Nf5 10. O-O h5 11. Rb1 Be7 12. Ne3 Nfxd4 13. Nxd4 Nxd4 14. Bxh5 Bb5
15. Re1 Bb4 16. Bd2 Bxd2 17. Qxd2 Rxh5 18. Qd1 Rh6 19. Qg4 Rg6 20. Qf4 Ne2+ 21.
Rxe2 Bxe2 22. h3 d4 23. Ng4 Bxg4 24. hxg4 Rd8 25. Kf1 Qb5+ 26. Ke1 d3 27. Qd2
Qxe5+ 28. Kd1 Qh2 29. Qe1 Rxg4 30. Kd2 Rxg2 31. Kc3 Rg1 32. Qe4 Rxb1 33. Qa4+
Ke7 34. Qb4+ Kf6 35. Qxb7 d2 36. Qf3+ Ke7 37. Qb7+ Rd7 38. Qb4+ Qd6 39. Qh4+ f6
40. Qh3 d1=N+ 41. Kc2 Qd3+ 42. Qxd3 Rxd3 43. Kxd3 Nxf2+ 44. Ke3 Ng4+ 45. Kf3 f5
46. b3 Rb2 47. Kf4 Rxa2 48. Kg5 Ra3 49. Kg6 Rxb3 50. Kxg7 a5 51. Kh7 a4 52. Kh8
a3 53. Kg7 a2 54. Kg8 a1=Q 55. Kh7 Rb8 56. Kg6 Qh1 57. Kg5 Qh6# {White
checkmated} 0-1

[Event "Team 45 45 League T33"]
[Site "Internet Chess Club"]
[Date "2007.05.26"]
[Round "6"]
[White "zatopek1"]
[Black "schweppz"]
[Result "0-1"]
[WhiteElo "1365"]
[BlackElo "1443"]
[ECO "B01"]
[TimeControl "2700+45"]

1. e4 d5 2. exd5 Nf6 3. Nf3 g6 4. Be2 Bg7 5. Nc3 Nbd7 6. O-O O-O 7. Re1 Nb6 8.
d3 Nbxd5 9. Nxd5 Nxd5 10. Rb1 c6 11. Bd2 e5 12. a3 Re8 13. Qc1 Bg4 14. h3 Bxf3
15. Bxf3 Qd6 16. Bg5 f6 17. Bd2 Rad8 18. b4 Nc7 19. Qb2 f5 20. Rbd1 e4 21. Qb3+
Kh8 22. dxe4 Qf8 23. c4 fxe4 24. Bxe4 Qf7 25. Bc2 Rxd2 26. Rxe8+ Qxe8 27. Bb1
Bd4 28. Rf1 Rxf2 29. Qg3 Rxf1+ 30. Kxf1 Ne6 31. Be4 Qf7+ 32. Ke2 Nf4+ 33. Kd1
Nh5 34. Qb8+ Kg7 35. Bf3 Qd7 36. Kc2 Qf5+ 37. Kb3 Qd3+ 38. Ka4 b5+ 39. cxb5 Qc2+
40. Ka5 Bb6+ 41. Ka6 Qa4+ 42. Kb7 Qxb5 43. Bxc6 Qf1 44. Qe5+ Kh6 45. Bf3 Qd3 46.
Qe6 Qd8 47. a4 Ng7 48. Qg4 Qe7+ 49. Ka6 Ne6 50. Qc4 Nc7+ 51. Kb7 Qe8 52. Qxc7
Bxc7 53. Kxc7 Qxa4 54. Bc6 Qxb4 55. Kd7 Qd2+ 56. Kc7 a5 57. Kb6 Qb4+ 58. Kc7 Qc5
59. Kb7 a4 60. Ka6 a3 {White resigns} 0-1

[Event "Team 45 45 League T33"]
[Site "Internet Chess Club"]
[Date "2007.05.27"]
[Round "6"]
[White "oldsj"]
[Black "bookseller"]
[Result "1-0"]
[WhiteElo "1439"]
[BlackElo "1348"]
[ECO "C64"]
[TimeControl "2700+45"]

1. e4 e5 2. Nf3 Nc6 3. Bb5 Bc5 4. O-O d6 5. d4 exd4 6. Nxd4 Ne7 7. Bg5 Bd7 8. c3
Nxd4 9. Bxd7+ Qxd7 10. cxd4 Bb6 11. Nc3 O-O 12. Re1 Rfe8 13. Bxe7 Qxe7 14. Nd5
Qh4 15. Nxb6 axb6 16. f3 c6 17. Qb3 Ra6 18. d5 Kf8 19. dxc6 bxc6 20. Qd3 d5 21.
Qxa6 {Black resigns} 1-0

[Event "Team 45 45 League T33"]
[Site "Internet Chess Club"]
[Date "2007.05.24"]
[Round "6"]
[White "t-hobbes"]
[Black "EyeAm"]
[Result "1-0"]
[WhiteElo "1362"]
[BlackElo "1405"]
[ECO "C42"]
[TimeControl "2700+45"]

1. e4 e5 2. Nf3 Nf6 3. Bc4 Nxe4 4. Nxe5 d5 5. Bb3 Be7 6. c4 Qd6 7. d4 Be6 8. Qf3
O-O 9. Bf4 Qb4+ 10. Nc3 c6 11. O-O dxc4 12. Bxc4 Bxc4 13. Nxc4 Qxc4 14. Qxe4 Qe6
15. Qd3 Qg6 16. Qf3 Nd7 17. d5 Rac8 18. Rad1 Bb4 19. dxc6 {Black forfeits on
time} 1-0

[Event "Team 45 45 League T33"]
[Site "Internet Chess Club"]
[Date "2007.05.27"]
[Round "6"]
[White "IconoJett"]
[Black "Chesnut"]
[Result "0-1"]
[WhiteElo "1091"]
[BlackElo "1264"]
[ECO "B20"]
[TimeControl "2700+45"]

1. e4 c5 2. Bc4 d6 3. Nc3 Nf6 4. d3 g6 5. Bf4 Bg7 6. e5 dxe5 7. Bxe5 Nc6 8. Nf3
Nxe5 9. Nxe5 Qc7 10. Bb5+ Kf8 11. d4 cxd4 12. Qxd4 Bf5 13. O-O Bxc2 14. Rac1 Bf5
15. Nd5 Qd6 16. Rfd1 Nxd5 17. Qxd5 Bxe5 18. g3 Qxd5 19. Rxd5 Bxb2 20. Rcd1 e6
21. Rd7 Rb8 22. f3 a6 23. Bd3 Bxd3 24. R1xd3 Kg7 25. h4 b5 26. f4 Rbc8 27. Rd2
Rc1+ 28. Kf2 Rb1 29. g4 Rc8 30. f5 exf5 31. g5 Rc4 32. Kg3 h6 33. Re2 hxg5 34.
hxg5 Rg4+ 35. Kf3 Rxg5 36. Rd8 Rf1+ 37. Ke3 Bc1+ 38. Kd3 Rd1+ 39. Kc2 Rxd8 40.
Kxc1 Rg1+ 41. Kc2 Rgd1 42. Kc3 Rc8+ 43. Kb2 Rdc1 44. a3 a5 45. Kb3 R8c3+ 46. Kb2
R3c2+ 47. Rxc2 Rxc2+ 48. Kxc2 f4 {White resigns} 0-1

[Event "Team 45 45 League T33"]
[Site "Internet Chess Club"]
[Date "2007.05.23"]
[Round "6"]
[White "Zebbile"]
[Black "Knight77"]
[Result "0-1"]
[WhiteElo "2088"]
[BlackElo "1802"]
[ECO "E95"]
[TimeControl "2700+45"]

1. d4 Nf6 2. c4 g6 3. Nc3 Bg7 4. e4 d6 5. Be2 O-O 6. Nf3 e5 7. O-O Nbd7 8. Re1
h6 9. Bf1 Re8 10. a3 Nf8 11. dxe5 dxe5 12. Qxd8 Rxd8 13. Nxe5 Be6 14. Nd5 N8h7
15. Nxc7 Rac8 16. Nxe6 fxe6 17. Nxg6 Rc7 18. f3 Nh5 19. Nf4 Bd4+ 20. Kh1 Rc5 21.
Nxe6 Ng3+ {White resigns} 0-1

[Event "Team 45 45 League T33"]
[Site "Internet Chess Club"]
[Date "2007.05.27"]
[Round "6"]
[White "Puedo"]
[Black "AVEMARIA"]
[Result "0-1"]
[WhiteElo "1813"]
[BlackElo "1795"]
[ECO "A13"]
[TimeControl "2700+45"]

1. c4 e6 2. g3 d5 3. cxd5 exd5 4. Bg2 Nf6 5. Nf3 Be7 6. O-O O-O 7. d3 Nc6 8.
Nbd2 Bf5 9. Nb3 Qd7 10. Be3 Rad8 11. Nbd4 Nxd4 12. Nxd4 c5 13. Nxf5 Qxf5 14. Qb3
b6 15. Qa4 d4 16. Bf4 g5 17. Bd2 Rd7 18. Bxg5 Qxg5 19. f4 Qf5 20. h3 Qe6 21. Kh2
Nd5 22. h4 Ne3 23. Bh3 Nxf1+ 24. Rxf1 Qxe2+ 25. Kg1 Rc7 26. Qc4 Kh8 27. Rf2 Qe3
28. Kg2 Rg8 29. Rf3 Qe1 30. Qd5 Bxh4 31. Qe5+ Qxe5 32. fxe5 Re7 33. Kf2 Bg5 34.
Rf5 Be3+ 35. Kf3 Rg5 36. e6 Rxf5+ 37. Bxf5 fxe6 {White resigns} 0-1

[Event "Team 45 45 League T33"]
[Site "Internet Chess Club"]
[Date "2007.05.27"]
[Round "6"]
[White "Warpdrive"]
[Black "Benaque"]
[Result "0-1"]
[WhiteElo "1608"]
[BlackElo "1496"]
[ECO "B01"]
[TimeControl "2700+45"]

1. e4 d5 2. exd5 Qxd5 3. Nc3 Qa5 4. Nf3 Bg4 5. Be2 Nf6 6. O-O e6 7. Nh4 Qh5 8.
Bxg4 Nxg4 9. Nf3 Bd6 10. h3 Ne5 11. Nxe5 Qxe5 12. g3 Nc6 13. Qe2 Nd4 14. Qxe5
Bxe5 15. Rb1 Nxc2 16. Nb5 O-O 17. b3 a6 18. Nc3 Rad8 19. Rb2 Nb4 20. a3 Nd3 21.
Rc2 Nc5 22. b4 Nd3 23. Ne4 Bd4 24. Rxc7 Rc8 25. Rd7 Nxc1 26. Rxd4 Ne2+ {White
resigns} 0-1

[Event "Team 45 45 League T33"]
[Site "Internet Chess Club"]
[Date "2007.05.24"]
[Round "6"]
[White "drflounder"]
[Black "hondocando"]
[Result "1-0"]
[WhiteElo "1798"]
[BlackElo "1603"]
[ECO "B22"]
[TimeControl "2700+45"]

1. e4 c5 2. c3 Nc6 3. d4 cxd4 4. cxd4 d6 5. Nf3 Bg4 6. Be3 g6 7. h3 Bd7 8. Nc3
Bg7 9. a3 e6 10. Bc4 Nge7 11. Qd2 O-O 12. d5 exd5 13. Nxd5 Nxd5 14. Bxd5 Be6 15.
Bxe6 fxe6 16. O-O Qe7 17. Bh6 Rad8 18. Bxg7 Qxg7 19. Rfd1 h6 20. b4 Ne5 21. Nxe5
dxe5 22. Qxd8 Rxd8 23. Rxd8+ Kh7 24. Rad1 {Black resigns} 1-0

[Event "Team 45 45 League T33"]
[Site "Internet Chess Club"]
[Date "2007.05.27"]
[Round "6"]
[White "mitus"]
[Black "chiiwen"]
[Result "1-0"]
[WhiteElo "1885"]
[BlackElo "1944"]
[ECO "B27"]
[TimeControl "2700+45"]

1. e4 c5 2. Nf3 g6 3. c3 Bg7 4. d4 cxd4 5. cxd4 d5 6. e5 Bg4 7. Bb5+ Nc6 8. Nc3
e6 9. h3 Bxf3 10. Qxf3 Ne7 11. Bg5 O-O 12. Bxc6 bxc6 13. O-O Qc7 14. Na4 Nf5 15.
Qc3 h6 16. Bf4 g5 17. Bh2 Rac8 18. Rac1 Qe7 19. Nc5 f6 20. Rce1 fxe5 21. Bxe5
Bxe5 22. Rxe5 Ng7 23. Qe3 Rf6 24. Re1 Re8 25. Re2 Kf7 26. Qc3 Rc8 27. R2e3 Kg8
28. Rf3 Rxf3 29. Qxf3 Rf8 30. Qg4 Rf4 31. Qd1 Rf5 32. Qe2 Rf6 33. h4 Rg6 34.
hxg5 Rxg5 35. Rxg5 hxg5 36. Qe5 Kf7 37. g4 Ne8 38. f3 Qf6 39. Qxf6+ Kxf6 40. Kf2
Ke7 41. Ke3 Nd6 42. b3 Nb5 43. a4 Nd6 44. f4 gxf4+ 45. Kxf4 Nf7 46. b4 Kd6 47.
Nd3 Ke7 48. Ne5 Nd8 49. g5 Kf8 50. g6 a6 51. a5 Kg8 52. Kg5 Kg7 53. Kh5 Kg8 54.
Kh6 {Black resigns} 1-0

[Event "Team 45 45 League T33"]
[Site "Internet Chess Club"]
[Date "2007.05.28"]
[Round "6"]
[White "HoHo"]
[Black "mambomex"]
[Result "0-1"]
[WhiteElo "1768"]
[BlackElo "1805"]
[ECO "C59"]
[TimeControl "2700+45"]

1. e4 e5 2. Nf3 Nc6 3. Bc4 Nf6 4. Ng5 d5 5. exd5 Na5 6. Bb5+ c6 7. dxc6 bxc6 8.
Be2 h6 9. Nf3 e4 10. Ne5 Bd6 11. Nc4 Nxc4 12. Bxc4 O-O 13. Nc3 Bg4 14. Be2 Bxe2
15. Qxe2 Re8 16. O-O Qc7 17. h3 Rad8 18. Re1 Qa5 19. Qc4 Qe5 20. g3 Bc5 21. Ne2
Qf5 22. Nf4 g5 23. g4 Bxf2+ 24. Kxf2 Qxf4+ 25. Kg2 Qf3+ 26. Kg1 Qg3+ 27. Kf1
Qxh3+ 28. Kg1 Qg3+ 29. Kf1 Nxg4 30. Qc5 Nh2+ 31. Ke2 Qf3# {White checkmated} 0-1

[Event "Team 45 45 League T33"]
[Site "Internet Chess Club"]
[Date "2007.05.27"]
[Round "6"]
[White "hualpe"]
[Black "Izeelden"]
[Result "1-0"]
[WhiteElo "1779"]
[BlackElo "1684"]
[ECO "B18"]
[TimeControl "2700+45"]

1. e4 c6 2. d4 d5 3. Nd2 dxe4 4. Nxe4 Bf5 5. Ng3 Bg6 6. Nf3 e6 7. h4 Nf6 8. h5
Bb4+ 9. c3 Nxh5 10. Nxh5 Bxh5 11. Rxh5 Be7 12. Bf4 g6 13. Rh2 Nd7 14. Bd3 O-O
15. Qd2 Nf6 16. O-O-O Bd6 17. Ne5 Qc7 18. Rdh1 Rad8 19. Qc2 Qa5 20. Nxg6 fxg6
21. Bxd6 Rxd6 22. Kb1 Rf7 23. Bxg6 hxg6 24. Rh8+ Kg7 25. Qd2 Qf5+ 26. Ka1 Ne4
27. R1h7+ Kf6 28. Rxf7+ Kxf7 29. Qh6 Ke7 30. Rh7+ Kd8 31. Qg7 Nf6 32. Qe7+ Kc8
33. Qc7# {Black checkmated} 1-0

[Event "Team 45 45 League T33"]
[Site "Internet Chess Club"]
[Date "2007.05.27"]
[Round "6"]
[White "Avedldesierto"]
[Black "fantanaranja"]
[Result "1/2-1/2"]
[WhiteElo "1717"]
[BlackElo "1715"]
[ECO "B72"]
[TimeControl "2700+45"]

1. e4 c5 2. Nf3 d6 3. d4 cxd4 4. Nxd4 Nf6 5. Nc3 g6 6. Be3 Bg7 7. h3 O-O 8. Bc4
Nxe4 9. Bxf7+ Rxf7 10. Nxe4 Nc6 11. c3 d5 12. Ng5 Rf6 13. Nxc6 bxc6 14. O-O e5
15. Nf3 Qc7 16. Qd2 Ba6 17. Rfe1 Raf8 18. Nh2 Bc8 19. Rad1 Be6 20. f3 Rb8 21. b3
Rf7 22. Bc5 Rd8 23. Kh1 Qa5 24. b4 Qa6 25. Nf1 Qb5 26. Ne3 a5 27. c4 Qa4 28.
cxd5 cxd5 29. Nc4 Rf5 30. Nxa5 Rc8 31. Re2 Qb5 32. Nb3 Bf8 33. Bxf8 Rcxf8 34.
Nd4 exd4 35. Rxe6 Qd7 36. Qe2 Rf4 37. Re7 Qd6 38. Qe6+ Qxe6 39. Rxe6 Ra8 40. Rd2
d3 41. Rb6 Rd4 42. b5 Rxa2 43. Rxa2 d2 44. Rxd2 Rxd2 45. Rd6 Kf7 46. b6 Ke7 47.
b7 Rb2 48. Rxd5 Rxb7 49. Kh2 Kf6 50. g4 g5 51. Kg3 h6 52. h4 Rb6 53. h5 Kg7 54.
Rf5 Re6 55. f4 Re3+ 56. Kf2 gxf4 57. Rxf4 Rd3 58. Rf3 Rxf3+ 59. Kxf3 Kf6 60. Kf4
Ke6 61. g5 hxg5+ 62. Kxg5 Kf7 63. Kh6 Kg8 64. Kg6 Kh8 65. h6 Kg8 66. h7+ Kh8 67.
Kf7 Kxh7 {Game drawn because neither player has mating material} 1/2-1/2

[Event "Team 45 45 League T33"]
[Site "Internet Chess Club"]
[Date "2007.05.24"]
[Round "6"]
[White "Pawnster"]
[Black "Bug"]
[Result "1-0"]
[WhiteElo "2199"]
[BlackElo "2085"]
[ECO "D02"]
[TimeControl "2700+45"]

1. d4 d5 2. Nf3 Nf6 3. Bf4 c5 4. dxc5 Nc6 5. c3 a5 6. Na3 Bf5 7. Nb5 Rc8 8. e3
Ne4 9. Nfd4 Bd7 10. Qb3 e6 11. Nd6+ Bxd6 12. cxd6 O-O 13. f3 Nf6 14. Bd3 Nh5 15.
Bg3 Qg5 16. f4 Qd8 17. Nf3 f5 18. Bh4 Qe8 19. O-O Nf6 20. Bxf6 gxf6 21. Nd4 Nd8
22. Rf3 Nf7 23. c4 Kh8 24. cxd5 e5 25. fxe5 Nxe5 26. Rff1 Qh5 27. Bxf5 Bxf5 28.
Rxf5 Qg6 29. e4 Rc4 30. Ne6 Rfc8 31. Raf1 Rc2 32. Qg3 Rxb2 33. Qxg6 hxg6 34.
Rxf6 Rcc2 35. R6f2 {Black resigns} 1-0

[Event "Team 45 45 League T33"]
[Site "Internet Chess Club"]
[Date "2007.05.30"]
[Round "6"]
[White "gracey"]
[Black "jayes"]
[Result "1-0"]
[WhiteElo "2136"]
[BlackElo "1991"]
[ECO "E60"]
[TimeControl "2700+45"]

1. d4 Nf6 2. Nf3 g6 3. c4 c5 4. d5 b5 5. cxb5 a6 6. Nc3 axb5 7. d6 exd6 8. e4 b4
9. Nb5 Nxe4 10. Qd5 Nxf2 11. Kxf2 Nc6 12. Bg5 Be7 13. Nxd6+ {Black resigns} 1-0

[Event "Team 45 45 League T33"]
[Site "Internet Chess Club"]
[Date "2007.05.28"]
[Round "6"]
[White "martineden"]
[Black "morgado"]
[Result "0-1"]
[WhiteElo "1968"]
[BlackElo "1964"]
[ECO "D30"]
[TimeControl "2700+45"]

1. d4 d5 2. c4 e6 3. Nf3 c6 4. Nc3 f5 5. cxd5 exd5 6. Bf4 Nf6 7. h3 Bd6 8. Qd2
O-O 9. Ne5 Qe7 10. e3 Ne4 11. Qc2 Nd7 12. Nd3 Bxf4 13. Nxf4 Ndf6 14. Be2 g5 15.
Nd3 f4 16. exf4 gxf4 17. O-O-O Bf5 18. Nxe4 Nxe4 19. Bg4 Bg6 20. Ne5 Qg7 21.
Nxg6 hxg6 22. h4 Nf6 23. Bf3 Rae8 24. h5 g5 25. h6 Qh7 26. Rd3 Re7 27. Qd1 Kh8
28. g3 Ne4 29. Qc2 Nxf2 30. Qxf2 Qxd3 31. gxf4 Qe3+ 32. Qxe3 Rxe3 33. Bh5 Rxf4
34. Kd2 Re6 35. Be2 Rf2 {White resigns} 0-1

[Event "Team 45 45 League T33"]
[Site "Internet Chess Club"]
[Date "2007.06.03"]
[Round "6"]
[White "SpikeyJ"]
[Black "RisingMercury"]
[Result "1/2-1/2"]
[WhiteElo "2049"]
[BlackElo "2015"]
[ECO "A20"]
[TimeControl "2700+45"]

1. c4 e5 2. g3 f5 3. Bg2 Nf6 4. d4 exd4 5. Qxd4 Nc6 6. Qe3+ Be7 7. Nc3 O-O 8.
Nh3 Bb4 9. O-O d6 10. b3 Re8 11. Qd3 Ne5 12. Qc2 a5 13. Bb2 c6 14. Rad1 Qe7 15.
Na4 Bc5 16. Nxc5 dxc5 17. Rfe1 Ng6 18. Qd2 Ne4 19. Qe3 Qf8 20. Nf4 Nxf4 21. Qxf4
a4 22. Rd3 axb3 23. axb3 Ra2 24. Qc1 Nf6 25. Qb1 Ra8 26. Qc1 Ra2 27. Qb1 Ra8 28.
Qc1 Ra2 {Game drawn by repetition} 1/2-1/2

[Event "Team 45 45 League T33"]
[Site "Internet Chess Club"]
[Date "2007.06.03"]
[Round "6"]
[White "SuperMathBoy"]
[Black "PoisonIvy"]
[Result "1-0"]
[WhiteElo "2054"]
[BlackElo "1834"]
[ECO "B52"]
[TimeControl "2700+45"]

1. e4 c5 2. Nf3 d6 3. Bb5+ Bd7 4. Bxd7+ Qxd7 5. c4 Nc6 6. d4 cxd4 7. Nxd4 Nf6 8.
Nc3 g6 9. Nde2 Bg7 10. f3 Rc8 11. O-O O-O 12. Bg5 Ne5 13. b3 Rfd8 14. Qd2 a6 15.
a4 Rc5 16. Rab1 Rdc8 17. Rfd1 h5 18. h4 Nh7 19. Be3 Nxc4 20. bxc4 Rxc4 21. Nd5
Rc2 22. Qd3 R8c6 23. Nb4 {Black resigns} 1-0